 Dungeon Crawl Stone Soup version 0.28-a0-1510-gd0f6b136d3 (webtiles) character file.

Game seed: 12359166359824396710

13752 croobank the Slicer (level 12, -4/96 HPs)
             Began as a Gnoll Cinder Acolyte on Jan 14, 2022.
             Was a High Priest of Ignis.
             Shot with an arrow by a centaur (6 damage)
             ... led by a centaur warrior
             ... on level 13 of the Dungeon.
             The game lasted 01:28:18 (13066 turns).

croobank the Slicer (Gnoll Cinder Acolyte)         Turns: 13066, Time: 01:28:19

Health: -4/96      AC: 14    Str: 12    XL:     12   Next: 9%
Magic:  23/23      EV: 14    Int: 22    God:    Ignis [*****.]
Gold:   1320       SH:  0    Dex: 12    Spells: 2/26 levels left

rFire   + + +      SeeInvis .   S - +5 long sword of Past Mistakes {drain, +Blink rElec Dex-4}
rCold   . . .      Faith    .   (no shield)
rNeg    . . .      Spirit   .   K - +3 leather armour
rPois   +          Reflect  .   (no helmet)
rElec   +          Harm     .   T - +2 cloak
rCorr   .          Rampage  .   n - +1 pair of gloves "Qabucak" {rPois rF+ Str-2 Int+6}
Will    .....                   (no boots)
Stlth   +++.......              s - amulet of regeneration
HPRegen 1.06/turn               z - ring of protection from fire
MPRegen 0.18/turn               D - +6 ring of dexterity

@: about to teleport
A: fangs 2, strong nose, distributed training, iridescent scales 1, screaming 1
a: Renounce Religion, Evoke Blink, Fiery Armour, Foxfire Swarm


You were on level 13 of the Dungeon.
You worshipped Ignis.
Ignis was extremely pleased with you.
You visited 1 branch of the dungeon, and saw 14 of its levels.
You also visited: Ossuary.

You collected 1577 gold pieces.
You spent 257 gold pieces at shops.

Inventory:

Hand Weapons
 a - a +1 short sword of venom
 b - a +0 shortbow
 y - a +1 short sword of speed
 E - a +4 dagger
 I - a +2 short sword of flaming
 P - a +2 morningstar
 S - the +5 long sword of Past Mistakes (weapon) {drain, +Blink rElec Dex-4}
   (You found it on level 7 of the Dungeon)

   A truly terrible weapon, it drains the life of any living foe it strikes.
   Dex:       It affects your dexterity (-4).
   rElec:     It insulates you from electricity.
   +Blink:    It lets you blink.
 Y - a +4 war axe
 Z - a +0 hand crossbow
Missiles
 j - 401 stones
 k - 2 throwing nets
 l - 93 sling bullets
 p - 9 boomerangs
 t - 292 arrows
 u - 5 curare-tipped darts (quivered)
 J - 37 poisoned darts
 M - 155 bolts
Armour
 e - a +3 chain mail
 f - the +3 Mad Mage's Maulers {Infuse+∞ RegenMP Int-3}
   (You acquired it on level 6 of the Dungeon)

   It empowers its wearer's blows with all of their magic.
   It causes its wearer's magical reserves to regenerate more quickly.
   Int:       It affects your intelligence (-3).
 g - the +1 Delatra's gloves {ID++}
   (You found it on level 4 of the Dungeon)

   It heals its wearer when they drink unknown potions.
   It restores its wearer's MP when they read unknown scrolls.
 h - a scarf of repulsion
 n - the +1 pair of gloves "Qabucak" (worn) {rPois rF+ Str-2 Int+6}
   (You acquired it on level 9 of the Dungeon)

   Str:       It affects your strength (-2).
   Int:       It affects your intelligence (+6).
   rF:        It protects you from fire.
   rPois:     It protects you from poison.
 B - a +0 ring mail of cold resistance
 C - a +0 plate armour
 F - a +0 pair of boots
 K - a +3 leather armour (worn)
 T - a +2 cloak (worn)
 W - a +0 kite shield
Magical Staves
 U - a staff of fire
Jewellery
 s - an amulet of regeneration (around neck)
 z - a ring of protection from fire (left hand)
 D - a +6 ring of dexterity (right hand)
 Q - a ring of willpower
 V - a ring of magical power
Wands
 v - a wand of iceblast (11)
 N - a wand of paralysis (4)
 X - a wand of mindburst (13)
Scrolls
 i - 6 scrolls of teleportation
 q - 4 scrolls of immolation
 r - a scroll of fear
 w - a scroll of silence
 A - a scroll of acquirement
 G - 2 scrolls of blinking
 H - a scroll of enchant armour
 O - a scroll of amnesia {unknown}
 R - a scroll of enchant weapon {unknown}
Potions
 c - 2 potions of mutation
 d - 3 potions of flight
 m - 2 potions of might
 o - 8 potions of curing
 L - a potion of lignification {unknown}


   Skills:
 + Level 9.6 Fighting
 + Level 9.6 Short Blades
 + Level 6.9 Long Blades
 + Level 6.9 Axes
 + Level 6.9 Maces & Flails
 + Level 6.9 Polearms
 + Level 6.9 Staves
 + Level 6.9 Slings
 + Level 6.9 Bows
 + Level 6.9 Crossbows
 + Level 6.9 Throwing
 + Level 6.9 Armour
 + Level 6.9 Dodging
 + Level 6.9 Stealth
 + Level 6.9 Shields
 + Level 6.9 Unarmed Combat
 + Level 7.5 Spellcasting
 + Level 5.7 Conjurations
 + Level 5.7 Hexes
 + Level 5.7 Summonings
 + Level 5.7 Necromancy
 + Level 5.7 Translocations
 + Level 5.7 Transmutations
 + Level 8.0 Fire Magic
 + Level 5.7 Ice Magic
 + Level 5.7 Air Magic
 + Level 5.7 Earth Magic
 + Level 5.7 Poison Magic
 + Level 7.6 Invocations
 + Level 6.9 Evocations


You had 2 spell levels left.
You knew the following spells:

 Your Spells              Type           Power      Damage    Failure   Level
a - Scorch                Fire           86%        2d9       1%          2
b - Conjure Flame         Conj/Fire      38%        6-21      1%          3
c - Beastly Appendage     Tmut           66%        N/A       1%          1
d - Wereblood             Tmut           33%        N/A       1%          2
e - Blink                 Tloc           66%        N/A       1%          2
f - Ignite Poison         Fire/Tmut/Pois 37%        N/A       1%          3
g - Mephitic Cloud        Conj/Pois/Air  33%        N/A       2%          3
h - Confusing Touch       Hex            33%        N/A       2%          3
i - Fireball              Conj/Fire      19%        3d9       16%         5

Your spell library contained the following spells:

 Spells                   Type           Power      Damage    Failure   Level
 Animate Skeleton         Necr           66%        N/A       1%          1
 Apportation              Tloc           66%        N/A       1%          1
 Foxfire                  Conj/Fire      100%       2x1d9     1%          1
 Magic Dart               Conj           100%       1d8       1%          1
 Sandblast                Erth           66%        2d15      1%          1
 Sting                    Tmut/Pois      100%       1d8       1%          1
 Summon Small Mammal      Summ           100%       N/A       1%          1
 Call Imp                 Summ           33%        N/A       1%          2
 Corpse Rot               Necr/Air       66%        N/A       1%          2
 Passwall                 Tmut/Erth      27%        N/A       1%          2
 Poisonous Vapours        Pois/Air       66%        N/A       1%          2
 Inner Flame              Hex/Fire       38%        N/A       1%          3
 Spider Form              Tmut/Pois      33%        N/A       2%          3
 Stone Arrow              Conj/Erth      66%        3d11      2%          3
 Flame Wave               Conj/Fire      38%        2d7       5%          4
 Sticky Flame             Conj/Fire      38%        2d6       5%          4
 Animate Dead             Necr           16%        N/A       9%          4
 Olgreb's Toxic Radiance  Pois           33%        N/A       9%          4
 Summon Lightning Spire   Summ/Air       33%        N/A       9%          4
 Iskenderun's Battlesphe  Conj           33%        2d9       26%         5
 Manifold Assault         Tloc           33%        N/A       26%         5
 Yara's Violent Unravell  Hex/Tmut       16%        3d8       26%         5
 Conjure Ball Lightning   Conj/Air       16%        3x3d6     80%         6
 Iron Shot                Conj/Erth      16%        9d4       80%         6
 Enfeeble                 Hex            16%        N/A       100%        7
 Haunt                    Necr/Summ      16%        N/A       100%        7
 Orb of Destruction       Conj           16%        9d7       100%        7
 Spellforged Servitor     Conj/Summ      16%        N/A       100%        7
 Storm Form               Tmut/Air       16%        N/A       100%        7
 Infestation              Necr           16%        N/A       100%        8
 Maxwell's Capacitive Co  Air            16%        ∞         100%        8


Dungeon Overview and Level Annotations

Branches:
Dungeon (14/15)            Temple (0/1) D:6            Lair (0/6) D:11
Ossuary (visited)
    Orc: D:9-12      Vaults: D:13-14

Altars:
Cheibriados
Gozag
Okawaru
Qazlal
Ru
Sif Muna
Vehumet
Xom
Yredelemnul
Zin

Shops:
D:9 [!*?(   D:11 (

Annotations:
D:3 2 runed translucent doors


Innate Abilities, Weirdness & Mutations

You have extremely sharp teeth.
Your uncanny sense of smell can sniff out nearby items.
Your experience applies equally to all skills.
You are partially covered in iridescent scales. (AC +2)
You occasionally shout uncontrollably at your foes.


Message History

The centaur shouts!
The centaur warrior shouts!
The centaur shouts! x2
You hear a roar!
The troll shouts!
Found 23 sling bullets.
There is a shaft here.
Casting: Beastly Appendage (safe; 1% risk of failure)
Confirm with . or Enter, or press ? or * to list all spells.
Okay, then.
Okay, then.
As you read the scroll of teleportation, it crumbles to dust.
You feel strangely unstable.
The centaur shouts!
The centaur wields a +0 shortbow.
The centaur shoots an arrow.
The arrow hits you.
The centaur wields a +0 shortbow.
The centaur shoots an arrow.
The arrow hits you but does no damage.
A centaur comes into view.
An acid dragon comes into view.
The centaur wields a +0 shortbow.
The centaur shoots an arrow.
The arrow barely misses you.
The centaur warrior wields a +0 longbow.
The centaur warrior shoots an arrow.
The arrow hits you!
* * * LOW HITPOINT WARNING * * *
The centaur shoots an arrow.
The arrow closely misses you.
The cyclops throws a large rock.
The large rock hits you.
* * * LOW HITPOINT WARNING * * *
The troll misses you. The troll closely misses you.
The troll completely misses you.
The centaur shoots an arrow.
The arrow hits you but does no damage.
The centaur shoots an arrow.
The arrow hits you!
* * * LOW HITPOINT WARNING * * *
The centaur warrior shoots an arrow.
The arrow hits you!
* * * LOW HITPOINT WARNING * * *
The centaur shoots an arrow.
The arrow barely misses you.
The centaur shoots an arrow.
The arrow misses you.
The centaur warrior shoots an arrow.
The arrow closely misses you.
The centaur wields a +0 shortbow.
The centaur shoots an arrow.
The arrow closely misses you.
You feel much better.
The centaur shoots an arrow.
The arrow barely misses you.
The centaur warrior shoots an arrow.
The arrow hits you!!
* * * LOW HITPOINT WARNING * * *
The centaur shoots an arrow.
The arrow hits you.
You die...

...#...
.......
..(....
.......#+####
..D.........#
....C.......#
.....c.^....#
..cc...T....#
...cc..@....#
...c........#
+######.....#
#.....#
#.....#
#.....#
#.....#
#######


You could see a centaur warrior, a cyclops, a troll, an acid dragon and 5
centaurs.

Vanquished Creatures
  A boulder beetle (D:14)
  3 two-headed ogres
  A cyclops (D:11)
  A kobold demonologist (D:9)
  2 unseen horrors (D:10)
  A komodo dragon (D:11)
  4 trolls
  A culicivora (shapeshifter) (D:14)
  3 wyverns (D:11)
  18 yaks
  A basilisk (D:11)
  A steam dragon (D:8)
  3 vampire mosquitoes (D:11)
  3 water moccasins
  Duvessa (D:6)
  4 ice beasts
  5 orc warriors
  3 black bears
  A sky beast (D:6)
  2 ogres
  7 centaurs
  2 phantoms (D:5)
  An elf zombie (Ossuary)
  2 kobold brigands
  2 bullfrogs
  A wyvern zombie (D:6)
  A wyvern skeleton (D:7)
  2 water moccasin skeletons
  Dowan (D:6)
  12 wights
  3 killer bees (D:11)
  A howler monkey (D:7)
  A lava snake (D:11)
  4 centaur zombies
  8 hounds
  3 jellies
  A gnoll shaman (D:6)
  4 iguanas
  A scorpion zombie (D:5)
  4 centaur skeletons
  Natasha (thrice) (D:2)
  7 orc wizards
  A killer bee zombie (D:7)
  A hound zombie (D:5)
  3 mummies (Ossuary)
  2 howler monkey zombies
  13 gnolls
  2 howler monkey skeletons
  6 adders
  A white imp (D:4)
  An adder skeleton (D:4)
  6 adder zombies (Ossuary)
  3 worms
  4 dart slugs
  23 orcs
  4 ball pythons
  4 bats
  7 endoplasms
  6 giant cockroaches
  5 goblins
  10 hobgoblins
  15 kobolds
  5 quokkas
  4 frilled lizards
  3 goblin zombies (Ossuary)
  2 hobgoblin zombies (Ossuary)
  2 kobold zombies (Ossuary)
  3 quokka zombies (Ossuary)
  3 rats
  A rat zombie (Ossuary)
  A spectral orc (D:9)
  A foxfire (D:14)
272 creatures vanquished.

Vanquished Creatures (others)
  19 foxfires (D:14)
  2 fungi (D:11)
  22 plants (D:11)
43 creatures vanquished.

Grand Total: 315 creatures vanquished

Notes
Turn   | Place    | Note
-------+----------+-------------------------------------------
     0 | D:1      | croobank the Gnoll Cinder Acolyte began the quest for the
                  | Orb.
     0 | D:1      | Reached XP level 1. HP: 23/23 MP: 4/4
   298 | D:1      | Reached XP level 2. HP: 24/29 MP: 5/5
   301 | D:1      | Learned a level 2 spell: Scorch
   808 | D:2      | Reached XP level 3. HP: 12/35 MP: 4/7
  1099 | D:2      | Reached skill level 1 in Invocations
  1323 | D:2      | Noticed Natasha
  1334 | D:2      | Killed Natasha
  1335 | D:2      | Reached skill level 1 in Long Blades
  1335 | D:2      | Reached skill level 1 in Axes
  1335 | D:2      | Reached skill level 1 in Maces & Flails
  1335 | D:2      | Reached skill level 1 in Polearms
  1335 | D:2      | Reached skill level 1 in Staves
  1335 | D:2      | Reached skill level 1 in Slings
  1335 | D:2      | Reached skill level 1 in Bows
  1335 | D:2      | Reached skill level 1 in Crossbows
  1335 | D:2      | Reached skill level 1 in Throwing
  1335 | D:2      | Reached skill level 1 in Armour
  1335 | D:2      | Reached skill level 1 in Dodging
  1335 | D:2      | Reached skill level 1 in Stealth
  1335 | D:2      | Reached skill level 1 in Shields
  1335 | D:2      | Reached skill level 1 in Unarmed Combat
  1335 | D:2      | Reached skill level 1 in Evocations
  1335 | D:2      | Reached XP level 4. HP: 11/41 MP: 3/8
  1373 | D:2      | Noticed Natasha
  1374 | D:2      | Killed Natasha
  1375 | D:2      | Reached skill level 1 in Conjurations
  1375 | D:2      | Reached skill level 1 in Hexes
  1375 | D:2      | Reached skill level 1 in Summonings
  1375 | D:2      | Reached skill level 1 in Necromancy
  1375 | D:2      | Reached skill level 1 in Translocations
  1375 | D:2      | Reached skill level 1 in Transmutations
  1375 | D:2      | Reached skill level 1 in Ice Magic
  1375 | D:2      | Reached skill level 1 in Air Magic
  1375 | D:2      | Reached skill level 1 in Earth Magic
  1375 | D:2      | Reached skill level 1 in Poison Magic
  1543 | D:2      | Found a stormy altar of Qazlal.
  1656 | D:2      | Reached XP level 5. HP: 44/47 MP: 6/9
  1708 | D:2      | Noticed Natasha
  1714 | D:2      | Killed Natasha
  2462 | D:3      | Found a faded altar of an unknown god.
  2531 | D:3      | Learned a level 3 spell: Conjure Flame
  2583 | D:3      | Noticed a floating eye
  2586 | D:3      | Noticed an eye of devastation
  2586 | D:3      | Noticed a golden eye
  2586 | D:3      | Noticed a floating eye
  2642 | D:3      | Found a large runed translucent door.
  2643 | D:3      | Found a large runed translucent door.
  2655 | D:3      | Found a shimmering altar of Xom.
  2770 | D:3      | Found an opulent altar of Gozag.
  2905 | D:3      | Reached XP level 6. HP: 53/53 MP: 6/10
  3032 | D:4      | Found the +1 Delatra's gloves {ID++}
  3342 | D:5      | Entered Level 5 of the Dungeon
  3919 | D:4      | Found a shimmering altar of Xom.
  4116 | D:4      | Found a snail-covered altar of Cheibriados.
  4928 | D:5      | Reached XP level 7. HP: 54/59 MP: 2/12
  5125 | D:5      | Found a sacrificial altar of Ru.
  5280 | D:5      | Learned a level 1 spell: Beastly Appendage
  5283 | D:5      | Learned a level 2 spell: Wereblood
  5286 | D:5      | Learned a level 2 spell: Blink
  5464 | D:5      | Reached XP level 8. HP: 61/67 MP: 9/14
  5538 | D:5      | Learned a level 3 spell: Ignite Poison
  5710 | D:5      | Found a radiant altar of Vehumet.
  5710 | D:5      | Found a shimmering blue altar of Sif Muna.
  5710 | D:5      | Found a stormy altar of Qazlal.
  5713 | D:5      | Found a glowing silver altar of Zin.
  5715 | D:5      | Found an iron altar of Okawaru.
  5953 | D:6      | Found a sand-covered staircase.
  5958 | Ossuary  | Entered an ossuary
  6466 | D:6      | Identified 4 scrolls of acquirement
  6467 | D:6      | Acquired 881 gold pieces
  6852 | D:6      | Reached XP level 9. HP: 38/72 MP: 16/16
  7034 | D:6      | Reached skill level 5 in Spellcasting
  7034 | D:6      | Acquired the +3 Mad Mage's Maulers {Infuse+∞ RegenMP Int-3}
  7034 | D:6      | Found the +3 Mad Mage's Maulers {Infuse+∞ RegenMP Int-3}
  7158 | D:6      | Found a staircase to the Ecumenical Temple.
  7347 | D:6      | Noticed Duvessa
  7348 | D:6      | Noticed Dowan
  7356 | D:6      | Killed Duvessa
  7370 | D:6      | Killed Dowan
  7493 | D:7      | Noticed a troll
  7521 | D:7      | Killed a troll
  7565 | D:7      | Reached skill level 5 in Invocations
  7795 | D:7      | Upgraded the game from 0.28-a0-1506-g3893175d92 to
                  | 0.28-a0-1510-gd0f6b136d3
  8007 | D:7      | Reached XP level 10. HP: 80/80 MP: 1/18
  8157 | D:7      | Learned a level 3 spell: Mephitic Cloud
  8232 | D:7      | Reached skill level 5 in Long Blades
  8232 | D:7      | Reached skill level 5 in Axes
  8232 | D:7      | Reached skill level 5 in Maces & Flails
  8232 | D:7      | Reached skill level 5 in Polearms
  8232 | D:7      | Reached skill level 5 in Staves
  8232 | D:7      | Reached skill level 5 in Slings
  8232 | D:7      | Reached skill level 5 in Bows
  8232 | D:7      | Reached skill level 5 in Crossbows
  8232 | D:7      | Reached skill level 5 in Throwing
  8232 | D:7      | Reached skill level 5 in Armour
  8232 | D:7      | Reached skill level 5 in Dodging
  8232 | D:7      | Reached skill level 5 in Stealth
  8232 | D:7      | Reached skill level 5 in Shields
  8232 | D:7      | Reached skill level 5 in Unarmed Combat
  8232 | D:7      | Reached skill level 5 in Evocations
  8233 | D:7      | Identified the +5 long sword of Past Mistakes {drain,
                  | +Blink rElec Dex-4}
  8920 | D:8      | Gained mutation: Your spells are a little harder to cast,
                  | but a little more powerful. [potion of mutation]
  8921 | D:8      | Lost mutation: Your spells are a little harder to cast, but
                  | a little more powerful. [potion of mutation]
  8921 | D:8      | Gained mutation: You have extremely sharp teeth. [potion of
                  | mutation]
  8921 | D:8      | Gained mutation: You occasionally shout uncontrollably at
                  | your foes. [potion of mutation]
  8921 | D:8      | Gained mutation: You are partially covered in iridescent
                  | scales. (AC +2) [potion of mutation]
  9560 | D:9      | Noticed a kobold demonologist
  9565 | D:9      | Killed a kobold demonologist
  9639 | D:9      | Found Yduwi's Distillery.
  9647 | D:9      | Bought a potion of heal wounds for 65 gold pieces
  9659 | D:9      | Acquired the +1 pair of gloves "Qabucak" {rPois rF+ Str-2
                  | Int+6}
  9715 | D:9      | Found Unacropt's General Store.
  9719 | D:9      | Bought a scroll of identify for 24 gold pieces
  9720 | D:9      | Found Jedoaggem's Magic Scroll Shop.
  9845 | D:9      | Found Xomeosih's Antique Weapon Shoppe.
 10136 | D:9      | Bought a scroll of identify for 28 gold pieces
 10136 | D:9      | Bought a scroll of identify for 28 gold pieces
 10136 | D:9      | Bought a scroll of identify for 28 gold pieces
 10136 | D:9      | Bought a scroll of teleportation for 42 gold pieces
 10136 | D:9      | Bought a scroll of teleportation for 42 gold pieces
 10671 | D:9      | Found Dexex's Armour Boutique.
 10768 | D:9      | Found a basalt altar of Yredelemnul.
 10966 | D:10     | Entered Level 10 of the Dungeon
 11008 | D:10     | Reached XP level 11. HP: 81/87 MP: 20/20
 11134 | D:10     | Noticed a two-headed ogre
 11145 | D:10     | Killed a two-headed ogre
 11146 | D:10     | Reached skill level 5 in Conjurations
 11146 | D:10     | Reached skill level 5 in Hexes
 11146 | D:10     | Reached skill level 5 in Summonings
 11146 | D:10     | Reached skill level 5 in Necromancy
 11146 | D:10     | Reached skill level 5 in Translocations
 11146 | D:10     | Reached skill level 5 in Transmutations
 11146 | D:10     | Reached skill level 5 in Ice Magic
 11146 | D:10     | Reached skill level 5 in Air Magic
 11146 | D:10     | Reached skill level 5 in Earth Magic
 11146 | D:10     | Reached skill level 5 in Poison Magic
 11383 | D:10     | Noticed a two-headed ogre
 11404 | D:10     | Killed a two-headed ogre
 12223 | D:11     | Found Goratz's Weapon Shoppe.
 12237 | D:11     | Noticed a cyclops
 12247 | D:11     | Killed a cyclops
 12449 | D:11     | Learned a level 3 spell: Confusing Touch
 12481 | D:11     | Found a staircase to the Lair.
 12481 | D:11     | Noticed a two-headed ogre
 12815 | D:11     | Killed a two-headed ogre
 12822 | D:11     | Reached XP level 12. HP: 31/96 MP: 23/23
 12939 | D:11     | Learned a level 5 spell: Fireball
 13030 | D:11     | You fall into a shaft and drop 3 floors!
 13035 | D:14     | Noticed a boulder beetle
 13054 | D:14     | Killed a boulder beetle
 13062 | D:13     | Noticed a centaur warrior
 13065 | D:13     | HP: 3/96 [centaur warrior/arrow (13)]
 13066 | D:13     | Shot with an arrow by a centaur

Illustrated notes

Levels and vault maps discovered:
D:1:      onia_arrival_mini_maze_b, layout_rooms
D:2:      layout_loops_ring, basic_altar, uniq_natasha
D:3:      due_chaos_kobolds, layout_rooms, overflow_temple_1_default,
          hellmonk_ecumenical_altar_watching_god
D:4:      mumra_celtic_spiral_tile, layout_loops_ring, xom_teletrap_fun,
          slow_altar_1, serial_rivers, chequers_serial_rivers_small_a,
          chequers_serial_rivers_micro_c, chequers_serial_rivers_large_a,
          chequers_serial_rivers_marsh, minmay_increasing_density
D:5:      layout_basic, nicolae_ru_awakened_eye, minitemple,
          kennysheep_pointless_box
D:6:      layout_basic, minmay_temple_entry_offerings, enter_ossuary_1,
          uniq_duvessa
D:7:      minmay_thinvault, layout_cave_pods
D:8:      layout_rooms
D:9:      layout_layer_cave, yredelemnul_forgotten_temple_becter,
          enter_bailey_8, serial_shops, nicolae_stop_n_shop_2,
          nicolae_diamond_shop, nicolae_diamond_shop,
          nicolae_shop_temple_entry_statues_fountains,
          nicolae_shop_advertising_works [nicolae_subvault_shop_adworks],
          hangedman_abyss_or_decor_passed
D:10:     layout_stronghold
D:11:     layout_loops_ring, minmay_lair_entry_grove, serial_shops,
          nicolae_square_shop, grunt_decor_junction,
          chequers_serial_rivers_micro_c
D:12:     nrook_guardian_serpent_snake_passage, layout_basic, david_orc_3
D:13:     layout_basic, uniq_urug
D:14:     layout_rooms, erik_vaults_2, nzn_wu_jian_council_hall,
          grunt_ministairs_2, lemuel_flamethrower_3, uniq_snorg

Skill      XL: |  1  2  3  4  5  6  7  8  9 10 11 |
---------------+----------------------------------+-----
Invocations    | 1 2 3 4 5 6 7 |  7.6
Long Blades    | 1 2 3 4 5 6 |  6.9
Axes           | 1 2 3 4 5 6 |  6.9
Maces & Flails | 1 2 3 4 5 6 |  6.9
Polearms       | 1 2 3 4 5 6 |  6.9
Staves         | 1 2 3 4 5 6 |  6.9
Slings         | 1 2 3 4 5 6 |  6.9
Bows           | 1 2 3 4 5 6 |  6.9
Crossbows      | 1 2 3 4 5 6 |  6.9
Throwing       | 1 2 3 4 5 6 |  6.9
Armour         | 1 2 3 4 5 6 |  6.9
Dodging        | 1 2 3 4 5 6 |  6.9
Stealth        | 1 2 3 4 5 6 |  6.9
Shields        | 1 2 3 4 5 6 |  6.9
Unarmed Combat | 1 2 3 4 5 6 |  6.9
Evocations     | 1 2 3 4 5 6 |  6.9
Spellcasting   | 3 4 5 6 7 |  7.5
Conjurations   | 1 2 3 4 5 |  5.7
Hexes          | 1 2 3 4 5 |  5.7
Summonings     | 1 2 3 4 5 |  5.7
Necromancy     | 1 2 3 4 5 |  5.7
Translocations | 1 2 3 4 5 |  5.7
Transmutations | 1 2 3 4 5 |  5.7
Ice Magic      | 1 2 3 4 5 |  5.7
Air Magic      | 1 2 3 4 5 |  5.7
Earth Magic    | 1 2 3 4 5 |  5.7
Poison Magic   | 1 2 3 4 5 |  5.7
Fighting       | 7 8 9 |  9.6
Short Blades   | 7 8 9 |  9.6
Fire Magic     | 6 7 8 |  8.0

Action                   |  1- 3 |  4- 6 |  7- 9 | 10-12 || total
-------------------------+-------+-------+-------+-------++-------
Melee: Short sword       |    66 |   117 |   357 |   274 ||   814
       Bite              |     6 |    15 |    62 |    57 ||   140
       Punch             |     2 |     1 |    20 |    28 ||    51
       Headbutt          |       |       |     3 |    46 ||    49
       Kick              |       |       |       |    60 ||    60
       Long sword        |       |       |       |   177 ||   177
 Fire: Shortbow          |       |       |       |    21 ||    21
Throw: Dart              |       |       |     5 |       ||     5
       Stone             |       |       |     3 |       ||     3
 Cast: Scorch            |    13 |    63 |    95 |    15 ||   186
       Beastly Appendage |       |       |     2 |    15 ||    17
       Conjure Flame     |       |       |     2 |     1 ||     3
       Wereblood         |       |       |     1 |     8 ||     9
       Mephitic Cloud    |       |       |       |    22 ||    22
       Confusing Touch   |       |       |       |     3 ||     3
Invok: Fiery Armour      |       |       |     1 |       ||     1
       Foxfire Swarm     |       |       |       |     1 ||     1
       Rising Flame      |       |       |       |     1 ||     1
  Use: Potion            |       |     2 |     4 |     6 ||    12
       Scroll            |       |     7 |     5 |    11 ||    23
 Stab: Distracted        |       |     1 |       |       ||     1
       Sleeping          |       |       |     1 |     5 ||     6
       Confused          |       |       |       |    14 ||    14
Armor: Robe              |    12 |     6 |       |       ||    18
       Chain mail        |       |    25 |       |       ||    25
       Ring mail         |       |    12 |    26 |       ||    38
       Leather armour    |       |       |    78 |   208 ||   286
Dodge: Dodged            |    28 |    66 |   176 |   329 ||   599

Table legend: (Time is in decaauts)
 A = Elapsed time spent in this place.
 B = Non-inter-level travel time spent in this place.
 C = Inter-level travel time spent in this place.
 D = Time resting spent in this place.
 E = Time spent auto-exploring this place.
 F = Levels seen in this place.
 G = Mean time per level.
                   A        B        C        D        E       F      G
               +--------+--------+--------+--------+--------+-----+--------+
         Total |  12814 |  12552 |    262 |   1360 |   7803 |  15 |  854.3 |
       Dungeon |  12336 |  12074 |    262 |   1158 |   7712 |  14 |  881.1 |
       Ossuary |    477 |    477 |      0 |    202 |     91 |   1 |  477.0 |
               +--------+--------+--------+--------+--------+-----+--------+

Top non-repeatable levels by time:
     D:2: 1589 daAuts
     D:5: 1507 daAuts
     D:4: 1378 daAuts
     D:9: 1351 daAuts
     D:7: 1308 daAuts
    D:10: 1185 daAuts
     D:6: 995 daAuts
     D:1: 759 daAuts
    D:11: 751 daAuts
     D:8: 741 daAuts
     D:3: 644 daAuts
 Ossuary: 477 daAuts
    D:12: 87 daAuts
    D:14: 32 daAuts
    D:13: 3 daAuts
